 Dungeon Crawl Stone Soup version 0.27-a0-152-g6fc33f2 (webtiles) character file.

Game seed: 12778019328210111924

49 Blackhawk the Skirmisher (level 3, -6/29 HPs)
             Began as a Demonspawn Abyssal Knight on Jan 27, 2021.
             Was a Follower of Lugonu.
             Mangled by Sigmund
             ... wielding a +0 scythe
              (11 damage)
             ... on level 2 of the Dungeon.
             The game lasted 00:02:15 (1163 turns).

Blackhawk the Skirmisher (DsAK)                     Turns: 1163, Time: 00:02:16

Health: -6/29      AC: 10    Str: 13    XL:     3   Next: 53%
Magic:  5/5        EV:  6    Int: 13    God:    Lugonu [*.....]
Gold:   109        SH:  0    Dex: 12    Spells: 2/2 levels left

rFire    . . .     SeeInvis .   a - +1 hand axe
rCold    . . .     Faith    .   (no shield)
rNeg     . . .     Spirit   .   l - +0 chain mail
rPois    .         Reflect  .   (no helmet)
rElec    .         Harm     .   (no cloak)
rCorr    .         Rampage  .   (no gloves)
Will     .....                  p - +0 pair of boots (curse)
Stlth    ..........             (no amulet)
HPRegen  0.09/turn              (no ring)
MPRegen  0.09/turn              (no ring)

@: no status effects
A: powered by death 1, sharp scales 1
a: Renounce Religion, Depart the Abyss


You were on level 2 of the Dungeon.
You worshipped Lugonu.
Lugonu was aware of your devotion.
You visited 1 branch of the dungeon, and saw 2 of its levels.
You visited the Abyss 1 time.

You collected 109 gold pieces.

Inventory:

Hand Weapons
 a - a +1 hand axe (weapon)
 n - a +1 vorpal hand axe
Armour
 b - a +0 leather armour
 l - a +0 chain mail (worn)
 p - a cursed +0 pair of boots (worn)
Jewellery
 i - an uncursed ring of ice {unknown}
 j - a cursed ring of attention {unknown}
Wands
 e - a wand of iceblast (6)
 f - a wand of flame (27)
Scrolls
 d - 7 scrolls of blinking {unknown}
 g - a scroll of amnesia {unknown}
 h - a scroll of enchant weapon {unknown}
 k - 4 scrolls of remove curse {unknown}
 o - a scroll of identify {unknown}
Potions
 m - a potion of degeneration {unknown}


   Skills:
 + Level 3.3 Fighting
 + Level 2.2 Axes
 + Level 2.3 Armour
 + Level 1.5 Dodging
 + Level 3.1 Invocations


You had 2 spell levels left.
You didn't know any spells.
Your spell library was empty.

Dungeon Overview and Level Annotations

Branches:
Dungeon (2/15)

Altars:

Annotations:
D:2 Sigmund


Innate Abilities, Weirdness & Mutations

You regenerate a little health from kills.
You are partially covered in razor-sharp scales. (AC +1, Slay +1)


Message History

There is a strange disturbance nearby!
You barely miss something. Something hits you but does no damage.
Your chain mail prevents you from hitting something.
Something hits you.
You barely miss something. Something hits you!
* * * LOW HITPOINT WARNING * * *
You closely miss something. Something hits you but does no damage.
Okay, then.
You hit something. You hit something. Something hits you.
* * * LOW HITPOINT WARNING * * *
It was a potion of curing.
You feel better.
You hear some strange, mumbled words.
A magic dart appears from out of thin air!
The magic dart hits you but does no damage.
You miss something. Something hits you!
* * * LOW HITPOINT WARNING * * *
You miss something. Something hits you but does no damage.
You closely miss something. Something hits you!
You die...

######. #.(..).
##########.)....
................ #######
####...#......
.###.....######.#######..
....?...........########.
###.......#######........
#.....@## ##<....##(.
#.....{# #.....<.#..
#......# #..........
#.####.. ##....†..#.. ...
... .......††###. ## ##..
.........# ## ..
.......... #.
...#............
..#.......#..


There were no monsters in sight!

Vanquished Creatures
  A worm (D:2)
  A dart slug (D:1)
  2 leopard geckos (D:1)
  2 ball pythons
  5 bats
  A giant cockroach (D:2)
  8 goblins
  6 hobgoblins
  3 jackals (D:1)
  2 kobolds
  2 frilled lizards (D:1)
  4 rats
37 creatures vanquished.

Notes
Turn   | Place    | Note
-------+----------+-------------------------------------------
     0 | Abyss:1  | Blackhawk the Demonspawn Abyssal Knight began the quest for
                  | the Orb.
     0 | Abyss:1  | Reached XP level 1. HP: 18/18 MP: 2/2
    47 | Abyss:1  | Noticed a large abomination
   156 | D:1      | Escaped the Abyss
   211 | D:1      | Reached skill level 1 in Dodging
   345 | D:1      | Gained mutation: You are partially covered in razor-sharp
                  | scales. (AC +1, Slay +1) [demonic ancestry]
   345 | D:1      | Reached XP level 2. HP: 22/24 MP: 4/4
   396 | D:1      | Reached * piety under Lugonu
   882 | D:1      | Gained mutation: You regenerate a little health from kills.
                  | [demonic ancestry]
   882 | D:1      | Reached XP level 3. HP: 29/29 MP: 5/5
  1140 | D:2      | Noticed Sigmund
  1163 | D:2      | Mangled by Sigmund

Illustrated notes

Levels and vault maps discovered:
D:1:      sevenhm_arrival_forest_fort_large_4, layout_basic,
          minmay_misc_feat_nine_boxes, minmay_octomino_c4
D:2:      layout_rooms, uniq_jessica, uniq_sigmund

Skill      XL: |  1  2 |
---------------+-------+-----
Dodging        | 1 |  1.5
Axes           | 2 |  2.2
Armour         | 2 |  2.3
Invocations    | 3 |  3.1
Fighting       | |  3.3

Action                   || total
-------------------------++-------
Melee: Hand axe          ||   104
Invok: Depart the Abyss  ||     1
  Use: Potion            ||     1
Armor: Leather armour    ||    12
       Chain mail        ||    47
Dodge: Dodged            ||    42

Table legend: (Time is in decaauts)
 A = Elapsed time spent in this place.
 B = Non-inter-level travel time spent in this place.
 C = Inter-level travel time spent in this place.
 D = Time resting spent in this place.
 E = Time spent auto-exploring this place.
 F = Levels seen in this place.
 G = Mean time per level.
                   A        B        C        D        E       F      G
               +--------+--------+--------+--------+--------+-----+--------+
         Total |   1181 |   1163 |     18 |      0 |    878 |   4 |  295.2 |
       Dungeon |   1025 |   1007 |     18 |      0 |    751 |   2 |  512.5 |
         Abyss |    155 |    155 |      0 |      0 |    127 |   2 |   77.5 |
               +--------+--------+--------+--------+--------+-----+--------+

Top non-repeatable levels by time:
     D:1: 861 daAuts
     D:2: 164 daAuts
 Abyss:2: 99 daAuts
 Abyss:1: 56 daAuts
